 Dungeon Crawl Stone Soup version 0.26.0-10-g1f06aea511 (webtiles) character file.

Game seed: 2883786274724070391

105 mopl the Vexing (level 4, -2/30 HPs)
             Began as a Demonspawn Enchanter on Jan 21, 2021.
             Slain by a river rat (10 damage)
             ... in a sewer.
             The game lasted 00:03:30 (2301 turns).

mopl the Vexing (Demonspawn Enchanter)              Turns: 2301, Time: 00:03:31

Health: -2/30      AC:  2    Str:  8    XL:     4   Next: 53%
Magic:  1/8        EV: 12    Int: 17    God:
Gold:   152        SH:  0    Dex: 14    Spells: 2/8 levels left

rFire    . . .     SeeInvis .   a - +1 dagger
rCold    . . .     Faith    .   (no shield)
rNeg     . . .     Spirit   .   b - +0 robe
rPois    .         Reflect  .   (no helmet)
rElec    .         Harm     .   (no cloak)
rCorr    .         Rampage  .   (no gloves)
Will     .....                  (no boots)
Stlth    ++........             (no amulet)
HPRegen  0.10/turn              (no ring)
MPRegen  0.11/turn              (no ring)

@: no status effects
A: claws 2
a: no special abilities


You were in a sewer.
You visited 1 branch of the dungeon, and saw 3 of its levels.
You also visited: Sewer.

You collected 152 gold pieces.

Inventory:

Hand Weapons
 a - a +1 dagger (weapon)
 s - a cursed +0 hunting sling
Missiles
 f - 114 stones
 i - 19 poisoned darts (quivered)
 o - 69 sling bullets
Armour
 b - a +0 robe (worn)
 e - a +0 kite shield
Jewellery
 c - an uncursed ring of protection from fire {unknown}
Scrolls
 d - 2 scrolls of remove curse {unknown}
 g - a scroll of identify {unknown}
 j - a scroll of fear {unknown}
 n - a scroll of teleportation {unknown}
 p - a scroll of immolation {unknown}
 q - a scroll of amnesia {unknown}
 r - a scroll of fog {unknown}
 t - a scroll of enchant weapon {unknown}
Potions
 h - 2 potions of cancellation {unknown}
 k - 3 potions of brilliance {unknown}
 l - 2 potions of attraction {unknown}
 m - a potion of curing {unknown}


   Skills:
 + Level 1.9 Short Blades
 - Level 1.7 Dodging
 + Level 3.3 Stealth
 + Level 2.6 Spellcasting
 + Level 3.6 Hexes
 + Level 1.2 Ice Magic


You had 2 spell levels left.
You knew the following spells:

 Your Spells              Type           Power        Failure   Level
a - Corona                Hex            15%          4%          1
b - Ensorcelled Hibernat  Hex/Ice        20%          10%         2
d - Tukima's Dance        Hex            14%          12%         3

Your spell library contained the following spells:

 Spells                   Type           Power        Failure   Level
 Confusing Touch          Hex            14%          12%         3
 Dazzling Flash           Conj/Hex       16%          26%         3


Dungeon Overview and Level Annotations

Branches:
Dungeon (3/15)              Sewer (1/1)

Altars:


Innate Abilities, Weirdness & Mutations

You have very sharp fingernails.


Message History

You completely miss the river rat.
The river rat is moderately wounded.
The river rat closely misses you.
You barely miss the river rat.
The river rat is moderately wounded.
The river rat barely misses you.
You hit the river rat but do no damage.
The river rat is moderately wounded.
The river rat stops glowing.
The river rat barely misses you.
You completely miss the river rat.
The river rat is moderately wounded.
You closely miss the river rat.
The river rat is moderately wounded.
The river rat twitches its whiskers.
The river rat bites you.
* * * LOW HITPOINT WARNING * * *
You hit the river rat but do no damage.
The river rat is moderately wounded.
The river rat bites you!
You die... #################### #r...∩.∩.r@...≈≈≈≈≈≈ ####################

You could see a river rat.

Vanquished Creatures
  A river rat (Sewer)
  3 adders
  2 worms
  3 dart slugs
  3 leopard geckos
  A ball python (D:1)
  5 bats (D:1)
  4 giant cockroaches
  5 goblins (D:1)
  4 hobgoblins
  4 jackals (D:1)
  2 kobolds (D:1)
  2 quokkas
  5 frilled lizards (D:1)
  6 rats
50 creatures vanquished.

Vanquished Creatures (others)
  5 plants (D:3)
5 creatures vanquished.

Grand Total: 55 creatures vanquished

Notes
Turn   | Place    | Note
-------+----------+-------------------------------------------
     0 | D:1      | mopl the Demonspawn Enchanter began the quest for the Orb.
     0 | D:1      | Reached XP level 1. HP: 13/13 MP: 3/3
    90 | D:1      | Reached skill level 1 in Short Blades
   212 | D:1      | Gained mutation: You have sharp fingernails. [demonic
                  | ancestry]
   212 | D:1      | Reached XP level 2. HP: 13/19 MP: 3/5
   215 | D:1      | Learned a level 2 spell: Ensorcelled Hibernation
   515 | D:1      | Reached skill level 3 in Stealth
   976 | D:1      | Gained mutation: You have very sharp fingernails. [demonic
                  | ancestry]
   976 | D:1      | Reached XP level 3. HP: 19/24 MP: 6/6
  1803 | D:2      | Learned a level 3 spell: Tukima's Dance
  1880 | D:2      | Reached skill level 1 in Ice Magic
  1880 | D:2      | Reached XP level 4. HP: 30/30 MP: 7/7
  2221 | D:3      | Found a glowing drain.
  2273 | Sewer    | Entered a sewer
  2301 | Sewer    | Slain by a river rat

Illustrated notes

Levels and vault maps discovered:
D:1:      minmay_arrival_widening_spiral_wide, layout_basic
D:2:      layout_basic
D:3:      layout_loops_ring, serial_bayou, serial_bayou_ford_a,
          serial_bayou_crossing, serial_bayou_pond_e, serial_bayou_pond_e,
          serial_bayou_pond_c, serial_bayou_shore_b, portal_sewer_entry_f,
          kennysheep_generic_room_9
Sewer:    sewer_kobolds

Skill      XL: |  1  2  3 |
---------------+----------+-----
Short Blades   | 1 |  1.9
Stealth        | 3 |  3.3
Ice Magic      | 1 |  1.2
Dodging        | |  1.7
Spellcasting   | |  2.6
Hexes          | |  3.6

Action                   |  1- 3 |  4- 6 || total
-------------------------+-------+-------++-------
Melee: Dagger            |   132 |    53 ||   185
Throw: Dart              |     1 |       ||     1
 Cast: Corona            |     7 |     3 ||    10
       Ensorcelled Hiber |     7 |     6 ||    13
 Stab: Sleeping          |    11 |     8 ||    19
Armor: Robe              |    23 |     3 ||    26
Dodge: Dodged            |    71 |    32 ||   103
